 Dungeon Crawl Stone Soup version 0.26-a0-610-g3e9335b (webtiles) character file.

Game seed: 6777436149663770658

6 Hazorath the Chopper (level 1, 0/16 HPs)
             Began as a Demonspawn Gladiator on Sept 4, 2020.
             Slain by a hobgoblin (5 damage)
             ... on level 1 of the Dungeon.
             The game lasted 00:00:24 (51 turns).

Hazorath the Chopper (Demonspawn Gladiator)           Turns: 51, Time: 00:00:25

Health: 0/16       AC:  4    Str: 14    XL:     1   Next: 75%
Magic:  1/1        EV: 12    Int:  9    God:
Gold:   0          SH:  0    Dex: 14    Spells: 0/0 levels left

rFire    . . .     SeeInvis .   a - +0 war axe
rCold    . . .     Faith    .   (no shield)
rNeg     . . .     Spirit   .   b - +0 leather armour
rPois    .         Reflect  .   c - +0 helmet
rElec    .         Harm     .   (no cloak)
rCorr    .                      (no gloves)
MR       .....                  (no boots)
Stlth    +.........             (no amulet)
HPRegen  0.05/turn              (no ring)
MPRegen  0.07/turn              (no ring)

@: no status effects
A: no striking features
a: no special abilities


You were on level 1 of the Dungeon.
You visited 1 branch of the dungeon, and saw 1 of its levels.

Inventory:

Hand Weapons
 a - a +0 war axe (weapon)
Missiles
 d - 3 throwing nets (quivered)
Armour
 b - a +0 leather armour (worn)
 c - a +0 helmet (worn)
Potions
 e - a potion of curing {unknown}


   Skills:
 + Level 2.2 Fighting
 * Level 3.0 Axes
 - Level 1.7 Throwing
 - Level 2.6 Dodging


You couldn't memorise any spells.
You didn't know any spells.
Your spell library was empty.

Dungeon Overview and Level Annotations

Branches:
Dungeon (1/15)

Altars:


Message History

The rat barely misses you.
You hit the rat but do no damage.
The rat bites you but does no damage. x2
A hobgoblin comes into view.
You slash the goblin!
You kill the goblin!
You hit the rat.
You kill the rat!
Your Axes skill increases to level 3!
A leopard gecko comes into view.
A rat comes into view.
The rat bites you but does no damage.
You hit the rat.
You kill the rat!
The leopard gecko bites you.
You closely miss the leopard gecko. The leopard gecko bites you. x2
You are too injured to fight recklessly!
The leopard gecko barely misses you.
You closely miss the leopard gecko. The leopard gecko barely misses you.
The hobgoblin hits you.
You die...

.$.......###..#>.####...
..^...............#.....# #
#..##.......................#.#
............................#)##
##..#...>(........$......(.....#
.........>.......##...........#
............!.#..#..........###
............!.##.....##.......#
.....†........rl@.#####.......#
...............g......#.##'''##
......†..!..............#.....#.#
........................#..<..#..
#.................†.....#.....#..
#.................).....#.....#..
..#.....................##+++##..
#.#.......####...##........
#...##....# ########....$..


You could see a leopard gecko, a hobgoblin and a rat.

Vanquished Creatures
  A giant cockroach (D:1)
  2 goblins (D:1)
  A frilled lizard (D:1)
  2 rats (D:1)
6 creatures vanquished.

Notes
Turn   | Place    | Note
-------+----------+-------------------------------------------
     0 | D:1      | Hazorath the Demonspawn Gladiator began the quest for the
                  | Orb.
     0 | D:1      | Reached XP level 1. HP: 16/16 MP: 1/1
    37 | D:1      | Reached skill level 3 in Axes
    51 | D:1      | Slain by a hobgoblin

Illustrated notes

Levels and vault maps discovered:
D:1:      dpeg_arrival_windows_large_door, layout_rooms,
          hangedman_decor_clover_reticule

Skill      XL: |  1 |
---------------+----+-----
Axes           | 3 |  3.0
Fighting       | |  2.2
Throwing       | |  1.7
Dodging        | |  2.6

Action                   || total
-------------------------++-------
Melee: War axe           ||    13
Armor: Leather armour    ||     5
Dodge: Dodged            ||     9

Table legend: (Time is in decaauts)
 A = Elapsed time spent in this place.
 B = Non-inter-level travel time spent in this place.
 C = Inter-level travel time spent in this place.
 D = Time resting spent in this place.
 E = Time spent auto-exploring this place.
 F = Levels seen in this place.
 G = Mean time per level.
                   A        B        C        D        E       F      G
               +--------+--------+--------+--------+--------+-----+--------+
         Total |     55 |     55 |      0 |      0 |     13 |   1 |   55.0 |
       Dungeon |     55 |     55 |      0 |      0 |     13 |   1 |   55.0 |
               +--------+--------+--------+--------+--------+-----+--------+

Top non-repeatable levels by time:
     D:1: 55 daAuts
